 Dungeon Crawl Stone Soup version 0.24-a0-584-g9d6b971ae4 (webtiles) character file.

Game seed: 16246417181639737824, levelgen mode: deterministic

28 Gynju the Cudgeler (level 3, -8/31 HPs)
             Began as a Draconian Fighter on Aug 30, 2019.
             Mangled by Sigmund
             ... wielding a +0 scythe
              (10 damage)
             ... on level 2 of the Dungeon.
             The game lasted 00:01:44 (971 turns).

Gynju the Cudgeler (Draconian Fighter)               Turns: 971, Time: 00:01:45

Health: -8/31      AC:  5    Str: 24    XL:     3   Next: 0%
Magic:  3/3        EV: 10    Int:  8    God:
Gold:   83         SH:  0    Dex: 10    Spells: 2/2 levels left

rFire    . . .     SeeInvis .   a - +0 flail
rCold    . . .     Gourm    .   b - +0 shield
rNeg     . . .     Faith    .   (armour unavailable)
rPois    .         Spirit   .   (helmet restricted)
rElec    .         Reflect  .   (no cloak)
rCorr    .         Harm     .   (no gloves)
MR       .....                  (no boots)
Stlth    +.........             (no amulet)
HPRegen  0.10/turn              (no ring)
MPRegen  0.08/turn              (no ring)

@: confused, mighty
A: unfitting armour, cold-blooded, AC +5
a: no special abilities


You were on level 2 of the Dungeon.
You were not hungry.

You visited 1 branch of the dungeon, and saw 2 of its levels.

You collected 83 gold pieces.

Inventory:

Hand Weapons
 a - a +0 flail (weapon)
Armour
 b - a +0 shield (worn)
Scrolls
 e - 6 scrolls of identify {unknown}
 j - 2 scrolls of remove curse {unknown}
 k - 3 scrolls of magic mapping {unknown}
 l - 3 scrolls of enchant weapon {unknown}
 m - 3 scrolls of teleportation {unknown}
Potions
 g - a potion of flight {unknown}
 h - a potion of curing {unknown}
 i - a potion of mutation {unknown}
Comestibles
 d - 2 rations


   Skills:
 - Level 3.2 Fighting
 * Level 3.5 Maces & Flails
 - Level 2.6 Dodging
 - Level 3.0 Shields


You had 2 spell levels left.
You didn't know any spells.
Your spell library was empty.

Dungeon Overview and Level Annotations

Branches:
Dungeon (2/15)

Altars:

Annotations:
D:2 Sigmund


Innate Abilities, Weirdness & Mutations

Your plain brown scales are hard. (AC +5)
You cannot fit into any form of body armour.
You are cold-blooded and may be slowed by cold attacks.


Message History

You are too confused!
You are too confused!
You are too confused!
You bump into the rock wall.
Sigmund misses you.
Sigmund points at you and mumbles some strange words.
You are more confused.
Sigmund hits you with a +0 scythe!
You bump into the rock wall.
You bump into the rock wall.
Sigmund hits you with a +0 scythe.
You're too confused to move!
Sigmund hits you with a +0 scythe!
* * * LOW HITPOINT WARNING * * *
You barely miss Sigmund. You tail-slap Sigmund.
Sigmund is lightly wounded.
Sigmund asks, "Do you like me?" Sigmund hits you with a +0 scythe!
* * * LOW HITPOINT WARNING * * *
You're too confused to move!
Sigmund hits you from afar with a +0 scythe!
You die...

### .$#
###########
#.#
#.........#
#.#
###.#######.#
#.# ..#.#
#.####.#
#.#.#
#....(.#
#.#.#
######.#
#.#.# #@#
#.#.# #.#
#.#.# #@#
#.#.# #.#
..#.# #.#
###.# #.#
....# #.#
##### #.# #.#


You could see Sigmund.

Vanquished Creatures
  A gnoll (D:1)
  3 dart slugs (D:1)
  A leopard gecko (D:1)
  A goblin (D:1)
  2 hobgoblins (D:1)
  2 bats (D:1)
  A frilled lizard (D:1)
  2 rats (D:1)
13 creatures vanquished.

Notes
Turn   | Place    | Note
-------+----------+-------------------------------------------
     0 | D:1      | Gynju the Draconian Fighter began the quest for the Orb.
     0 | D:1      | Reached XP level 1. HP: 19/19 MP: 1/1
    46 | D:1      | Reached XP level 2. HP: 14/26 MP: 2/2
   754 | D:1      | Reached XP level 3. HP: 31/31 MP: 3/3
   958 | D:2      | Noticed Sigmund
   969 | D:2      | HP: 1/31 [Sigmund/+0 scythe (8)]
   971 | D:2      | Mangled by Sigmund

Levels and vault maps discovered:
D:1:      lightli_arrival_quake, layout_basic
D:2:      minmay_razor_zed, layout_basic, uniq_sigmund

Skill      XL: |  1  2 |
---------------+-------+-----
Maces & Flails | 3 |  3.5
Fighting       | |  3.2
Dodging        | |  2.6
Shields        | |  3.0

Action                   || total
-------------------------++-------
Melee: Flail             ||    36
       Tailslap          ||     4
  Use: Potion            ||     1
Armor: Skin              ||     7
Dodge: Dodged            ||    12
Block: Shield            ||    14

Table legend:
 A = Non-vault XP
 B = Vault XP
 C = Vault XP percentage of total XP
 D = Non-vault monster count
 E = Vault monster count
 F = Vault count percentage of total count
                 A         B        C        D         E       F
            +---------+---------+-------+---------+---------+-------
      Total |      41 |       0 |   0.0 |      13 |       0 |   0.0
            +---------+---------+-------+---------+---------+-------
        D:1 |      41 |       0 |   0.0 |      13 |       0 |   0.0
            +---------+---------+-------+---------+---------+-------
